 Dungeon Sprint DCSS version 0.31-a0-965-g8a8ce12e04 (webtiles) character file.

Game seed: 16909760927798380411

1648 dialectric the Imperceptible (level 8, -5/42 HPs)
             Began as a Spriggan Brigand on Oct 26, 2023.
             Was a Believer of Okawaru.
             Killed from afar by a white imp (15 damage)
             ... with a puff of frost
             ... summoned by a kobold demonologist
             ... in the Dungeon (Sprint I: "Red Sonja").
             The game lasted 00:02:25 (212 turns).

dialectric the Imperceptible (Spriggan Brigand)      Turns: 212, Time: 00:02:25

Health: -5/42      AC:  3    Str:  7    XL:     8   Next: 67%
Magic:  8/8        EV: 18    Int: 13    God:    Okawaru [**....]
Gold:   513        SH:  0    Dex: 18    Spells: 7/7 levels left

rFire   . . .        m - +1 short sword (distort)
rCold   . . .        (no shield)
rNeg    . . .        b - +0 robe
rPois   .            (helmet restricted)
rElec   .            c - +0 cloak
rCorr   .            (gloves unavailable)
SInv    +            (boots unavailable)
Will    +....        (no amulet)
Stlth   +++++++++    (no ring)
HPRegen 0.27/turn    (no ring)
MPRegen 0.11/turn

%: no teleportation
@: mighty, fragile, very quick
A: very small, no large weapons, unfitting armour, see invisible, speed 3, low
MP 1, inability to drink after injury 1
a: Renounce Religion, Heroism


You were in the Dungeon.
You worshipped Okawaru.
Okawaru was pleased with you.
You visited 1 branch You collected 513 gold pieces.

Inventory:

Hand Weapons
 a - a +2 dagger
 m - a +1 short sword of distortion (weapon)
Missiles
 d - 9 poisoned darts
 e - 4 curare-tipped darts (quivered)
Armour
 b - a +0 robe (worn)
 c - a +0 cloak (worn)
Scrolls
 k - a scroll of blinking
Potions
 f - a potion of curing
 h - a potion of haste
 i - 2 potions of magic
 j - 2 potions of berserk rage


   Skills:
 - Level 4.1 Fighting
 + Level 7.0 Short Blades
 - Level 3.5 Throwing
 + Level 3.8 Dodging
 + Level 25.5 Stealth


You had 7 spell levels left.
You didn't know any spells.
Your spell library was empty.

Dungeon Overview and Level Annotations

Branches:
Dungeon (1/1)

Altars:
Cheibriados
Dithmenos
Elyvilon
Fedhas
Gozag
Hepliaklqana
Kikubaaqudgha
Makhleb
Nemelex Xobeh
Okawaru
Qazlal
Ru
Sif Muna
Trog
Uskayaw
Vehumet
Wu Jian
Xom
Yredelemnul
Zin
The Shining One
Jiyva
Lugonu

Shops:
D ?*??!=


Innate Abilities, Weirdness & Mutations

You are very small and have problems with some larger weapons.
You are too small for most types of armour.
You have supernaturally acute eyesight. (SInv)
You cover ground extremely quickly. (Speed+++)
Your magical capacity is low. (-10% MP)
You occasionally lose the ability to drink potions when taking damage.


Message History

The glass eye gazes at you.
You feel your fragility will last longer.
The glass eye gazes at you.
You feel your fragility will last longer.
Unknown command.
The glass eye gazes at you.
You feel your fragility will last longer.
You open the huge gate. The glass eye gazes at you.
You feel your fragility will last longer.
The glass eye gazes at you.
You feel your fragility will last longer.
Found four shops.
The glass eye gazes at you.
You feel your fragility will last longer.
There is a huge open gate here.
Okay, then.
You hit the glass eye.
Space warps around the glass eye.
The glass eye is lightly wounded.
You barely miss the glass eye.
The glass eye is lightly wounded.
The glass eye gazes at you.
You feel your fragility will last longer.
The glass eye gazes at you.
You feel your fragility will last longer.
The glass eye gazes at you.
You feel your fragility will last longer.
It was a potion of might.
You feel very mighty all of a sudden. The glass eye gazes at you.
You feel your fragility will last longer.
The shining eye gazes at you.
Strange energies course through your body.
You occasionally lose the ability to drink potions when taking damage.
The glass eye gazes at you.
You feel your fragility will last longer.
The glass eye turns its gaze towards you.
The white imp gestures at you. The puff of frost hits you!
You die...

#........#
#...5.#..#
#..4GG..G#
#.G#.G.5.#
#G.G..G.G#
###G'''###
#∩..GG..∩#
#........#
#∩....@.∩#
##########


You could see 6 shining eyes, an orange demon (summoned), 4 glass eyes, a white
imp (summoned) and a shadow imp (summoned).

Vanquished Creatures
  Sonja (D)
  A deep troll (D)
  A slime creature (D)
  Sigmund (D)
  A yak (D)
  An ogre (D)
  A jelly (D)
  Ijyb (D)
8 creatures vanquished.

Notes
Turn   | Place    | Note
-------+----------+-------------------------------------------
     0 | D        | dialectric the Spriggan Brigand began the quest for the
                  | Orb.
     0 | D        | Reached XP level 1. HP: 10/10 MP: 2/2
     2 | D        | Noticed Ijyb
    10 | D        | Killed Ijyb
    11 | D        | Reached skill level 9 in Stealth
    11 | D        | Reached XP level 2. HP: 15/15 MP: 3/3
    19 | D        | Noticed an ogre
    21 | D        | Killed an ogre
    22 | D        | Reached skill level 13 in Stealth
    22 | D        | Reached XP level 3. HP: 19/19 MP: 4/4
    22 | D        | Reached XP level 4. HP: 23/23 MP: 5/5
    32 | D        | Noticed Sigmund
    34 | D        | Killed Sigmund
    35 | D        | Reached skill level 17 in Stealth
    35 | D        | Reached XP level 5. HP: 28/28 MP: 6/6
    35 | D        | Reached XP level 6. HP: 32/32 MP: 7/7
    48 | D        | Found a shimmering blue altar of Sif Muna.
    49 | D        | Found an ornate altar of the Wu Jian Council.
    50 | D        | Found a radiant altar of Vehumet.
    69 | D        | Found Uja Udieho's Magic Scroll Emporium.
    69 | D        | Found an ancient bone altar of Kikubaaqudgha.
    69 | D        | Found a hazy altar of Hepliaklqana.
    69 | D        | Found a hide-covered altar of Uskayaw.
    69 | D        | Found a basalt altar of Yredelemnul.
    69 | D        | Found an opulent altar of Gozag.
    69 | D        | Found a snail-covered altar of Cheibriados.
    69 | D        | Found a sacrificial altar of Ru.
    69 | D        | Found a shadowy altar of Dithmenos.
    69 | D        | Noticed a yak
    70 | D        | Found a stormy altar of Qazlal.
    70 | D        | Found a blossoming altar of Fedhas.
    70 | D        | Found a bloodstained altar of Trog.
    70 | D        | Found an iron altar of Okawaru.
    70 | D        | Found a glowing golden altar of the Shining One.
    70 | D        | Found a glowing silver altar of Zin.
    70 | D        | Found a white marble altar of Elyvilon.
    71 | D        | Killed a yak
    72 | D        | Reached skill level 5 in Short Blades
    72 | D        | Reached skill level 19 in Stealth
    72 | D        | Found a sparkling altar of Nemelex Xobeh.
    83 | D        | Became a worshipper of Warmaster Okawaru
   113 | D        | Found a burning altar of Makhleb.
   113 | D        | Found a shimmering altar of Xom.
   113 | D        | Noticed a slime creature
   114 | D        | Found a viscous altar of Jiyva.
   114 | D        | Found a corrupted altar of Lugonu.
   116 | D        | Killed a slime creature
   117 | D        | Reached skill level 20 in Stealth
   117 | D        | Reached XP level 7. HP: 37/37 MP: 8/8
   129 | D        | Noticed a kobold demonologist
   130 | D        | Noticed a glass eye
   130 | D        | Noticed a kobold demonologist
   148 | D        | Noticed Sonja
   152 | D        | Killed Sonja
   152 | D        | Reached * piety under Okawaru
   153 | D        | Reached skill level 23 in Stealth
   153 | D        | Reached XP level 8. HP: 42/42 MP: 9/9
   164 | D        | Noticed a deep troll
   168 | D        | Killed a deep troll
   168 | D        | Reached ** piety under Okawaru
   169 | D        | Reached skill level 25 in Stealth
   172 | D        | Noticed a hellwing
   185 | D        | Noticed an orange demon
   187 | D        | Found Omnexzom's Magic Scroll Boutique.
   193 | D        | Noticed a glass eye
   193 | D        | Noticed a shining eye
   193 | D        | Noticed a shining eye
   193 | D        | Noticed a glass eye
   193 | D        | Noticed a shining eye
   193 | D        | Noticed a shining eye
   193 | D        | Noticed a shining eye
   193 | D        | Noticed a shining eye
   193 | D        | Gained mutation: Your spells are a little easier to cast,
                  | but a little less powerful. [a shining eye]
   194 | D        | Noticed a glass eye
   194 | D        | Noticed a glass eye
   195 | D        | Noticed a shining eye
   195 | D        | Noticed a shining eye
   195 | D        | Lost mutation: Your spells are a little easier to cast, but
                  | a little less powerful. [a shining eye]
   197 | D        | Gained mutation: Your magical capacity is low. (-10% MP) [a
                  | shining eye]
   205 | D        | Found Odymnyf's Assorted Antiques.
   205 | D        | Found Ewkov's Distillery.
   205 | D        | Found Ommiupos's Magic Scroll Emporium.
   205 | D        | Found Duomitur's Jewellery Boutique.
   210 | D        | Gained mutation: You occasionally lose the ability to drink
                  | potions when taking damage. [a shining eye]
   212 | D        | Killed from afar by a white imp

Illustrated notes

Levels and vault maps discovered:
D:        dungeon_sprint_1 [red_sonja_temple_1, red_sonja_temple_small_1]

Skill      XL: |  1  2  3  4  5  6  7  8 |
---------------+-------------------------+-----
Fighting       | 2 3 4 |  4.1
Stealth        | 9 13 17 20 23 25 | 25.5
Short Blades   | 3 4 5 6 7 |  7.0
Throwing       | 3 |  3.5
Dodging        | 2 3 |  3.8

Action                     |  1- 3 |  4- 6 |  7- 9 || total
---------------------------+-------+-------+-------++-------
  Melee: Dagger            |     1 |     4 |     5 ||    10
         Short sword       |       |       |     7 ||     7
  Throw: Dart              |     3 |       |     2 ||     5
    Use: Potion            |       |       |     2 ||     2
   Stab: Sleeping          |     1 |     4 |     2 ||     7
 Armour: Robe              |     1 |       |    14 ||    15
  Dodge: Dodged            |     2 |       |     9 ||    11

Table legend: (Time is in decaauts)
 A = Elapsed time spent in this place.
 B = Non-inter-level travel time spent in this place.
 C = Inter-level travel time spent in this place.
 D = Time resting spent in this place.
 E = Time spent auto-exploring this place.
 F = Levels seen in this place.
 G = Mean time per level.
                   A        B        C        D        E       F      G
               +--------+--------+--------+--------+--------+-----+--------+
         Total |    148 |    148 |      0 |      0 |      0 |   1 |  148.0 |
       Dungeon |    148 |    148 |      0 |      0 |      0 |   1 |  148.0 |
               +--------+--------+--------+--------+--------+-----+--------+

Top non-repeatable levels by time:
       D: 148 daAuts
